 BcadrenCrawl: Boulder Brew version 0.05.4-46-gbd7123f023 (webtiles) character file.

Game seed: 14130920585441963472, levelgen mode: deterministic

51 protoss039 the Digger (level 3, 0/19 HPs) Deep Elf Earth Elementalist. Began on Mar 3, 2022. Slain by a sewer rat (2 damage) ... on level 2 of the Dungeon. The game lasted 00:01:59 (385 turns).

protoss039 the Digger (Deep Elf Earth Elementalist)  Turns: 385, Time: 00:02:00

Health: 0/19       AC:  2    Str:  5    XL:     3 ^: 24
Magic:  5/10       EV: 13    Int: 20    God:
Gold:   30         SH:  0    Dex: 15    Spells: 8/9 levels left

rFire    . . .     Vision   .   d - +0 dagger
rCold    . . .     Gourm    .   (no weapon)
rNeg     . . .     Faith    .   b - +0 robe
rCorr    . . .     Spirit   .   (no helmet)
rPois    .         Reflect  .   (no cloak)
rElec    .         Harm     .   (no gloves)
MR       .....                  (no boots)
Stlth    ++........             (no amulet)
HPRegen  0.16/turn              (no ring)
MPRegen  0.20/turn              (no ring)

@: no status effects
A: no striking features
a: no special abilities


You were on level 2 of the Dungeon.
You were not hungry.

You visited 1 branch of the dungeon, and saw 2 of its levels.

You collected 30 gold pieces.

Inventory:

Weapons
 d - a +0 dagger (weapon)
Armour
 b - a +0 robe (worn)
Scrolls
 e - a scroll of enchantment
Potions
 a - a potion of invisibility
Comestibles
 c - a ration


   Skills:
 - Level 3.0 Dodging
 - Level 3.0 Stealth
 + Level 3.7 Spellcasting
   Level 1.1 Transmutations
 + Level 4.2 Earth Magic


You had 8 spell levels left.
You knew the following spells:

 Your Spells              Type           Power        Failure   Level  Hunger
a - Sandblast             Erth           20 (50)      2%          1    0

Your spell library contained the following spells:

 Spells                   Type           Power        Failure   Level  Hunger
 Passwall Tmut/Erth 14 (120) 7% 2 5-45 Stone Arrow Erth 20 (50) 7% 3 45-105 Petrify Tmut/Erth 14 (100) 41% 4 125-225 Lee's Rapid Deconstruct Erth 20 (200) 54% 5 245-405 Methodical Deconstructi Erth           20 (200)     54%         5    245-405


Dungeon Overview and Level Annotations

Branches:
Dungeon (2/8)

Altars:


Message History

Casting: Sandblast (safe; 2% risk of failure)
Confirm with . or Enter, or press ? or * to list all spells.
Aiming: Sandblast (safe; 2% risk of failure)
Press: ? - help, Shift-Dir - straight line, f/p - sewer rat
Aim: a submerged sewer rat (70%, 76% to-hit, healthy (12/12), 70% (Melee))
The blast of sand hits the sewer rat but does no damage (0).
The sewer rat is healthy. (12/12) HP The sewer rat bites you but does no damage.
Unknown command.
Casting: Sandblast (safe; 2% risk of failure)
Confirm with . or Enter, or press ? or * to list all spells.
Aiming: Sandblast (safe; 2% risk of failure)
Press: ? - help, Shift-Dir - straight line, f/p - sewer rat
Aim: a submerged sewer rat (70%, 76% to-hit, healthy (12/12), 70% (Melee))
The blast of sand hits the sewer rat (2).
The sewer rat is lightly wounded. (10/12) HP The sewer rat bites you (1).
* * * LOW HITPOINT WARNING * * *
The sewer rat bites you (2).
You die...

≈ ## ≈≈#≈## ### ≈....≈####
#≈# #≈≈≈≈.### #.##
###≈≈@r.### #≈≈###
##≈#≈##r.≈.## #...≈##
##....≈###..≈#
#≈....####≈.....####..#
#....≈#..##≈..#≈#≈###≈≈≈≈P≈≈≈
#..####≈..≈..###≈.#####≈≈≈≈≈≈
#≈.#P......≈## ###≈#.##≈P≈≈≈≈
#..##.......## ##.≈≈# ≈≈≈≈≈
#≈..........≈# ##### P≈≈≈≈


You could see 2 submerged sewer rats.

Vanquished Creatures
  A giant cockroach (D:1)
  A cinder newt (D:1)
  3 dart slugs (D:1)
  3 bats (D:1)
  5 goblins (D:1)
  A hobgoblin (D:1)
  6 kobolds (D:1)
  A ball python (D:1)
  2 rats (D:1)
23 creatures vanquished.

Vanquished Creatures (others)
  A bat (D:1)
  7 withered plants (D:2)
8 creatures vanquished.

Grand Total: 31 creatures vanquished

Notes
Turn   | Place    | Note
-------+----------+-------------------------------------------
     0 | D:1      | protoss039 the Deep Elf Earth Elementalist began the quest
                  | for the Orb.
     0 | D:1      | Reached XP level 1. HP: 10/10 MP: 6/6
    61 | D:1      | Reached XP level 2. HP: 11/15 MP: 6/8
   147 | D:1      | Reached XP level 3. HP: 2/19 MP: 0/9
   258 | D:1      | Reached skill level 4 in Earth Magic
   385 | D:2      | Slain by a sewer rat

Levels and vault maps discovered:
D:1:      dpeg_arrival_erosion, layout_basic
D:2:      layout_sewer, makhleb_grotto_becter, sewer_guarded_exit, first_ration

Skill      XL: |  1  2  3 |
---------------+----------+-----
Dodging        | 3 |  3.0
Stealth        | 3 |  3.0
Earth Magic    | 4 |  4.2
Spellcasting   | |  3.7
Transmutations | |  1.1

Action                   || total
-------------------------++-------
Melee: Unarmed           ||    29
       Dagger            ||     5
 Cast: Sandblast         ||    30
 Stab: Sleeping          ||     2
Armor: Robe              ||    11
Dodge: Dodged            ||     9
